 Dungeon Crawl Stone Soup version 0.29-a0-982-gaed3a0c8d8 (webtiles) character file.

Game seed: 11955369373109754353

20409 flotson the Fighter (level 12, 0/88 (96) HPs)
             Began as a Demonspawn Delver on Aug 2, 2022.
             Was an Initiate of Gozag.
             Slain by a black mamba (8 damage)
             ... on level 3 of the Lair of Beasts.
             The game lasted 00:33:39 (16902 turns).

flotson the Fighter (Demonspawn Delver)            Turns: 16902, Time: 00:33:41

HP:   0/88 (96)     AC: 15    Str: 16    XL:     12   Next: 45%
MP:   21/21         EV: 14    Int: 12    God:    Gozag
Gold: 1239          SH:  9    Dex: 16    Spells: 11/11 levels left

rFire   + . .      SeeInvis .   b - +0 broad axe
rCold   . . .      Faith    .   d - +0 kite shield {reflect}
rNeg    . . .      Spirit   .   D - +1 acid dragon scales
rPois   +          Reflect  +   m - +1 hat
rElec   .          Harm     .   (no cloak)
rCorr   +          Rampage  .   k - +0 pair of gloves
Will    .....                   (no boots)
Stlth   ++........              h - amulet of the acrobat
HPRegen 0.24/turn               L - ring of magical power
MPRegen 0.17/turn               O - ring of protection from fire

@: about to teleport, slowed, studying Armour, drained, very slow
A: hooves 2, slimy green scales 3, foul stench 2, powered by pain 2
a: Renounce Religion, Potion Petition, Call Merchant, Bribe Branch


You were on level 3 of the Lair of Beasts.
You worshipped Gozag.
Gozag was most pleased with you.
You visited 3 branches of the dungeon, and saw 14 of its levels.

You collected 2344 gold pieces.
You spent 1017 gold pieces at shops.
You paid 88 gold pieces to Gozag.

Inventory:

Hand Weapons
 a - a +1 trident of freezing
 b - a +0 broad axe (weapon)
Missiles
 x - 13 boomerangs
 K - 21 poisoned darts
 N - a throwing net
 R - 12 javelins (quivered)
 S - 3 boomerangs of dispersal
Armour
 d - a +0 kite shield of reflection (worn)
 k - a +0 pair of gloves (worn)
 m - a +1 hat (worn)
 D - +1 acid dragon scales (worn)
Jewellery
 h - an amulet of the acrobat (around neck)
 F - a ring of ice
 H - a +6 ring of intelligence
 L - a ring of magical power (left hand)
 O - a ring of protection from fire (right hand)
Wands
 g - a wand of digging (3)
 l - a wand of charming (5)
 v - a wand of polymorph (10)
 C - a wand of flame (33)
Scrolls
 c - 3 scrolls of fog
 e - 3 scrolls of enchant weapon
 i - 3 scrolls of poison
 n - a scroll of enchant armour {unknown}
 o - 3 scrolls of teleportation
 s - 3 scrolls of summoning
 t - a scroll of blinking
 u - a scroll of silence {unknown}
 y - 3 scrolls of immolation
 B - a scroll of torment
 J - 2 scrolls of magic mapping
 M - a scroll of brand weapon {unknown}
Potions
 f - 4 potions of haste
 j - 2 potions of lignification
 p - 4 potions of might
 q - 2 potions of resistance
 r - a potion of flight
 w - 4 potions of curing
 z - a potion of cancellation
 P - 2 potions of attraction


   Skills:
 + Level 9.5 Fighting
 * Level 4.3(5.1) Axes
 - Level 4.0(5.0) Polearms
 + Level 6.7 Throwing
 + Level 9.1 Armour
 + Level 8.4 Dodging
 - Level 4.5 Stealth
 + Level 4.5 Shields
 + Level 8.9 Evocations


You had 11 spell levels left.
You didn't know any spells.
Your spell library contained the following spells:

 Spells                   Type           Power      Damage    Failure   Level
 Summon Small Mammal      Summ           0%         N/A       77%         1
 Call Canine Familiar     Summ           0%         N/A       98%         3
 Inner Flame              Hex/Fire       0%         N/A       98%         3
 Summon Guardian Golem    Hex/Summ       0%         N/A       98%         3
 Anguish                  Hex/Necr       0%         N/A       100%        4
 Cause Fear               Hex            0%         N/A       100%        4
 Hailstorm                Conj/Ice       0%         3d3       100%        4
 Ice Form                 Ice/Tmut       0%         N/A       100%        4
 Summon Lightning Spire   Summ/Air       0%         N/A       100%        4
 Blade Hands              Tmut           0%         N/A       100%        5
 Borgnjor's Vile Clutch   Necr/Erth      0%         N/A       100%        5
 Fireball                 Conj/Fire      0%         3d3       100%        5
 Irradiate                Conj/Tmut      0%         3d11      100%        5
 Death Channel            Necr           0%         N/A       100%        6
 Starburst                Conj/Fire      0%         6d3       100%        6
 Dragon Form              Tmut           0%         N/A       100%        7
 Enfeeble                 Hex            0%         N/A       100%        7
 Storm Form               Tmut/Air       0%         N/A       100%        7
 Discord                  Hex            0%         N/A       100%        8
 Ignition                 Fire           0%         3d3       100%        8
 Maxwell's Capacitive Co  Air            0%         ∞         100%        8
 Animate Dead             Necr           Unusable   N/A       N/A         4
 Simulacrum               Ice/Necr       Unusable   N/A       N/A         6

Dungeon Overview and Level Annotations

Branches:
Dungeon (10/15)            Temple (1/1) D:6            Lair (3/5) D:10
  Swamp: Lair:2-3    Shoals: Lair:2-3     Snake: Lair:2-3    Spider: Lair:2-3
    Orc: D:9-12

Altars:
Cheibriados
Gozag
Hepliaklqana
Kikubaaqudgha
Okawaru
Qazlal
Vehumet
Wu Jian
Yredelemnul

Shops:
D:10 (:

Annotations:
D:7 2 runed translucent doors, IdlyInterested's ghost, novice DsWn
D:9 Fannar
Lair:3 Josephine


Innate Abilities, Weirdness & Mutations

You have hoof-like feet.
You are completely covered in slimy green scales. (AC +4, rPois)
You sometimes emit foul miasma when damaged in melee.
You sometimes gain power by taking damage.


Message History

* * * LOW HITPOINT WARNING * * *
The black mamba misses you.
The black mamba bites you but does no damage.
Unknown command.
You feel much better.
The black mamba bites you but does no damage.
The black mamba bites you!
* * * LOW HITPOINT WARNING * * *
You block the black mamba's attack.
Unknown command.
Okay, then.
You closely miss the black mamba.
You kick the black mamba, but do no damage.
The black mamba is moderately wounded.
The black mamba misses you. The black mamba bites you!
* * * LOW HITPOINT WARNING * * *
The black mamba bites you!
* * * LOW HITPOINT WARNING * * *
The black mamba bites you but does no damage.
You feel better. The black mamba misses you.
The black mamba completely misses you.
As you read the scroll of teleportation, it crumbles to dust.
You feel strangely unstable. The black mamba bites you.
* * * LOW HITPOINT WARNING * * *
You are lethally poisoned!
The black mamba poisons you!
You emit a cloud of foul miasma!
The black mamba is engulfed in dark miasma.
The black mamba bites you.
* * * LOW HITPOINT WARNING * * *
The black mamba is engulfed in dark miasma.
The black mamba is poisoned.
The black mamba bites you but does no damage.
You feel better.
The black mamba is engulfed in dark miasma.
The black mamba looks even sicker.
The black mamba seems to slow down.
You block the black mamba's attack.
The black mamba is engulfed in dark miasma.
The black mamba looks even sicker.
The black mamba bites you!
You die...
Your body crumbles into a pile of gold.

#.P##### P.. ## #P##+#
# #..... ### ##
##.....#..## # #.
#P......... ##.#.#.
.+.>..S..# .......
...!...@# [######
.......## ## ..P.... #.
P#.P... ## #..P... #. #
##....# ##. #..#.##
..### #.+##..###
####+PP# ###
#.......####......###.#


You could see a black mamba (very poisoned, slow).

Vanquished Creatures
  3 hydras
  The ghost of Tollund the Carver, a journeyman DjGl of Ashenzari (D:9)
  A two-headed ogre (D:8)
  A death yak (Lair:1)
  Urug (Lair:2)
  4 molten gargoyles (D:10)
  A gargoyle (D:10)
  A torpor snail (Lair:1)
  2 rime drakes (Lair:1)
  A cane toad (Lair:2)
  2 polar bears
  11 blink frogs
  A hornet (D:7)
  A shadow (D:9)
  Sigmund (D:5)
  23 yaks
  A wraith (D:8)
  A wyvern (Lair:1)
  Grum (Lair:1)
  A basilisk (Lair:2)
  A steam dragon (D:8)
  3 wargs (D:9)
  An acid dragon (D:10)
  8 water moccasins
  3 orc warriors
  4 ice beasts
  An ogre (D:7)
  13 wolves
  8 centaurs
  2 phantoms (D:4)
  A kobold brigand (D:6)
  A gnoll sergeant (D:9)
  9 bullfrogs
  A necrophage (D:3)
  A scorpion (D:6)
  2 water moccasin zombies (D:5)
  A water moccasin skeleton (D:5)
  5 wights (D:8)
  2 electric eels (D:9)
  7 howler monkeys
  A lava snake (D:10)
  A bullfrog zombie (D:5)
  A gnoll bouda (D:6)
  10 orc priests
  3 hounds
  A jelly (D:6)
  2 centaur skeletons (D:5)
  3 iguanas
  13 orc wizards
  4 hell rats (Lair:1)
  2 centaur simulacra (D:9)
  8 gnolls
  9 adders
  6 white imps
  2 howler monkey simulacra (D:9)
  4 ufetubi
  An adder zombie (D:5)
  3 dart slugs
  34 orcs
  5 endoplasms
  5 giant cockroaches
  7 goblins
  9 hobgoblins
  8 jackals
  3 quokkas
  9 ball pythons
  4 bats
  A frilled lizard (D:1)
  6 kobolds
  5 rats
  A spectral kobold (D:2)
304 creatures vanquished.

Vanquished Creatures (others)
  21 fungi
  39 plants
  3 withered plants
63 creatures vanquished.

Grand Total: 367 creatures vanquished

Notes
Turn   | Place    | Note
-------+----------+-------------------------------------------
     0 | D:5      | flotson the Demonspawn Delver began the quest for the Orb.
     0 | D:5      | Reached XP level 1. HP: 18/18 MP: 1/1
    24 | D:5      | Noticed a water moccasin zombie
    24 | D:5      | Noticed an iguana
    33 | D:3      | Noticed an orc priest
   167 | D:2      | Gained mutation: You are partially covered in slimy green
                  | scales. (AC +2) [demonic ancestry]
   167 | D:2      | Reached XP level 2. HP: 14/24 MP: 2/2
   298 | D:2      | Found a faded altar of an unknown god.
   438 | D:1      | Reached skill level 1 in Evocations
   516 | D:1      | Reached skill level 1 in Armour
   616 | D:1      | Gained mutation: You have large cloven feet. [demonic
                  | ancestry]
   616 | D:1      | Reached XP level 3. HP: 28/29 MP: 3/3
  1664 | D:3      | Gained mutation: You are mostly covered in slimy green
                  | scales. (AC +3) [demonic ancestry]
  1664 | D:3      | Reached XP level 4. HP: 35/35 MP: 4/4
  1799 | D:3      | Identified the +3 ring mail "Umue" {Regen+ Str-3 SInv}
  2070 | D:3      | Gained mutation: You sometimes gain a little power by
                  | taking damage. [demonic ancestry]
  2070 | D:3      | Reached XP level 5. HP: 41/42 MP: 5/5
  2409 | D:4      | Noticed an orc warrior
  3091 | D:5      | Noticed a phantom
  3091 | D:5      | Noticed a water moccasin
  3119 | D:4      | Gained mutation: You have hoof-like feet. [demonic
                  | ancestry]
  3119 | D:4      | Reached XP level 6. HP: 26/48 MP: 6/6
  3168 | D:4      | Killed a water moccasin
  3516 | D:4      | Gained mutation: You may rarely emit foul miasma when
                  | damaged in melee. [demonic ancestry]
  3516 | D:4      | Reached XP level 7. HP: 50/55 MP: 7/7
  3651 | D:5      | Reached skill level 5 in Fighting
  3652 | D:5      | Noticed Sigmund
  4127 | D:5      | Killed Sigmund
  4128 | D:5      | Gained mutation: You sometimes gain power by taking damage.
                  | [demonic ancestry]
  4128 | D:5      | Reached XP level 8. HP: 64/64 MP: 8/8
  4430 | D:5      | Reached skill level 1 in Throwing
  4570 | D:6      | Reached skill level 5 in Dodging
  4570 | D:6      | Reached skill level 5 in Evocations
  4805 | D:6      | Found a staircase to the Ecumenical Temple.
  4827 | Temple   | Entered the Ecumenical Temple
  4838 | Temple   | Became a worshipper of Gozag Ym Sagoz the Greedy
  5206 | D:7      | Reached skill level 5 in Armour
  5275 | D:7      | Found a large runed translucent door.
  5275 | D:7      | Found a large runed translucent door.
  5277 | D:7      | Noticed IdlyInterested's ghost (novice DsWn)
  5300 | D:7      | Gained mutation: You are completely covered in slimy green
                  | scales. (AC +4, rPois) [demonic ancestry]
  5300 | D:7      | Reached XP level 9. HP: 33/71 MP: 9/9
  6041 | D:8      | Found a basalt altar of Yredelemnul.
  6042 | D:8      | Found a radiant altar of Vehumet.
  6379 | D:8      | Noticed a two-headed ogre
  6875 | D:8      | Killed a two-headed ogre
  6876 | D:8      | Reached XP level 10. HP: 79/79 MP: 10/10
  7749 | D:9      | Reached skill level 1 in Shields
  7967 | D:9      | Found a runed translucent door.
  7969 | D:9      | Noticed Tollund's ghost (journeyman DjGl)
  8320 | D:9      | Reached skill level 5 in Throwing
  8550 | D:9      | Killed Tollund's ghost
  8670 | D:10     | Entered Level 10 of the Dungeon
  8780 | D:10     | Noticed Fannar
  8829 | D:10     | Found a staircase to the Lair.
  8987 | D:10     | Gained mutation: You sometimes emit foul miasma when
                  | damaged in melee. [demonic ancestry]
  8987 | D:10     | Reached XP level 11. HP: 57/86 MP: 11/11
  9666 | D:10     | Found Kuyt's Book Emporium.
  9677 | D:10     | Bought a manual of Armour for 960 gold pieces
 10208 | D:10     | Found Ogohut's Weapon Emporium.
 10211 | D:10     | Bought 6 javelins for 57 gold pieces
 10402 | D:10     | HP: 4/87 [molten gargoyle/+0 flail (6)]
 11769 | Lair:1   | Entered Level 1 of the Lair of Beasts
 12068 | Lair:1   | Noticed a death yak
 12086 | Lair:1   | Killed a death yak
 12413 | Lair:1   | Noticed Grum
 12426 | Lair:1   | Killed Grum
 12447 | Lair:1   | Reached skill level 1 in Axes
 12716 | Lair:1   | Identified a scroll of acquirement
 12717 | Lair:1   | Acquired a +0 kite shield of reflection
 13546 | Lair:2   | Noticed a four-headed hydra
 13557 | Lair:2   | HP: 4/89 [four-headed hydra (1)]
 14549 | Lair:2   | Reached XP level 12. HP: 86/95 MP: 12/12
 15159 | Lair:2   | Noticed Urug
 15237 | Lair:1   | Killed a four-headed hydra
 15448 | Lair:2   | Killed Urug
 15448 | Lair:2   | Noticed an eight-headed hydra
 16123 | Lair:2   | Killed an eight-headed hydra
 16821 | Lair:3   | Noticed a four-headed hydra
 16834 | Lair:3   | Killed a four-headed hydra
 16883 | Lair:3   | Noticed Josephine
 16890 | Lair:3   | HP: 2/88 [Josephine/ghostly fireball (28)]
 16899 | Lair:3   | HP: 3/88 [black mamba (8)]
 16902 | Lair:3   | Slain by a black mamba

Illustrated notes

Levels and vault maps discovered:
D:1:      ncdulo_smallfort, layout_basic
D:2:      layout_basic, dreamdust_ecumenical_altar_drowned_temple
D:3:      layout_loops_ring
D:4:      layout_loops_cross
D:5:      layout_rooms, serial_undead, serial_undead_c, serial_undead_e,
          serial_undead_d, serial_undead_b, uniq_sigmund
D:6:      layout_rooms, minmay_temple_entry_drinking_statues,
          kennysheep_small_square
D:7:      layout_basic, ebering_ghost_disaster_area
D:8:      layout_basic, mainiacjoe_overflow_catch_the_wave, grunt_ministairs_11
D:9:      layout_irregular_city, gammafunk_ghost_grave, serial_ice,
          serial_ice_j, serial_ice_b, serial_ice_m, serial_ice_n, serial_ice_o,
          serial_ice_e, dk_noncrumbling_4
D:10:     layout_basic, erik_lair_orcish_takeover, serial_shops,
          nicolae_shop_behind_doors, kennysheep_mini, minmay_misc_feat_tiny,
          minivault_8, uniq_fannar
Temple:   nicolae_temple_bog_church
Lair:1:   layout_regular_city, infiniplex_staircase_pool_2, uniq_grum
Lair:2:   layout_loops_ring, uniq_urug
Lair:3:   layout_roguey, swamp_mist, minmay_snake_entry_six_corridors,
          uniq_kirke, uniq_josephine

Skill      XL: |  1  2  3  4  5  6  7  8  9 10 11 12 |
---------------+-------------------------------------+-----
Dodging        | 2 3 4 5 6 7 8 |  8.4
Evocations     | 1 2 3 4 5 6 7 8 |  8.9
Armour         | 1 2 3 4 5 6 7 8 9 |  9.1
Fighting       | 4 5 6 7 8 9 |  9.5
Throwing       | 2 4 5 6 |  6.7
Polearms       | 3 4 |  4.0
Shields        | 2 3 4 |  4.5
Axes           | 2 4 |  4.3
Stealth        | |  4.5

Action                   |  1- 3 |  4- 6 |  7- 9 | 10-12 || total
-------------------------+-------+-------+-------+-------++-------
Melee: Spear             |   168 |   237 |    93 |       ||   498
       Punch             |     2 |     2 |     1 |       ||     5
       Kick              |    21 |    58 |   100 |   258 ||   437
       Trident           |       |       |    43 |   420 ||   463
       Glaive            |       |       |   285 |    60 ||   345
       Broad axe         |       |       |       |   286 ||   286
Throw: Boomerang         |       |     5 |     3 |    37 ||    45
       Javelin           |       |       |       |     7 ||     7
       Dart              |       |       |       |     5 ||     5
Evoke: Wand              |       |       |     3 |    22 ||    25
  Use: Scroll            |     2 |       |       |    24 ||    26
       Potion            |       |     2 |       |     4 ||     6
 Stab: Sleeping          |     2 |     7 |     5 |     2 ||    16
       Distracted        |       |     1 |       |     5 ||     6
Armor: Scale mail        |    67 |    43 |       |       ||   110
       Leather armour    |     1 |       |       |       ||     1
       Ring mail         |       |   106 |   437 |   198 ||   741
       Acid dragon scale |       |       |       |   242 ||   242
Dodge: Dodged            |    60 |   217 |   556 |   780 ||  1613
Block: Buckler           |       |       |       |   144 ||   144
       Kite shield       |       |       |       |   193 ||   193

Table legend: (Time is in decaauts)
 A = Elapsed time spent in this place.
 B = Non-inter-level travel time spent in this place.
 C = Inter-level travel time spent in this place.
 D = Time resting spent in this place.
 E = Time spent auto-exploring this place.
 F = Levels seen in this place.
 G = Mean time per level.
                   A        B        C        D        E       F      G
               +--------+--------+--------+--------+--------+-----+--------+
         Total |  17455 |  16662 |    793 |   1743 |  10837 |  14 | 1246.8 |
       Dungeon |  12098 |  11437 |    661 |   1121 |   7197 |  10 | 1209.8 |
        Temple |     21 |     12 |      9 |      0 |      4 |   1 |   21.0 |
          Lair |   5335 |   5212 |    123 |    622 |   3636 |   3 | 1778.3 |
               +--------+--------+--------+--------+--------+-----+--------+

Top non-repeatable levels by time:
  Lair:1: 2674 daAuts
  Lair:2: 2379 daAuts
    D:10: 2365 daAuts
     D:9: 2220 daAuts
     D:4: 1490 daAuts
     D:8: 1448 daAuts
     D:7: 916 daAuts
     D:2: 869 daAuts
     D:3: 852 daAuts
     D:1: 735 daAuts
     D:6: 670 daAuts
     D:5: 529 daAuts
  Lair:3: 281 daAuts
  Temple: 21 daAuts
